 Dungeon Crawl Stone Soup version 0.26.1-11-gd32895ea62 (webtiles) character file.

Game seed: 2006301013082932087

375 Zeld the Slasher (level 7, -3/50 HPs)
             Began as a Human Gladiator on June 4, 2021.
             Slain by a gnoll
             ... wielding a +0 flail
              (7 damage)
             ... on level 3 of the Dungeon.
             The game lasted 00:05:17 (6730 turns).

Zeld the Slasher (Human Gladiator)                  Turns: 6730, Time: 00:05:17

Health: -3/50      AC:  5    Str: 16    XL:     7   Next: 3%
Magic:  7/7        EV: 13    Int:  9    God:
Gold:   135        SH:  0    Dex: 14    Spells: 6/6 levels left

rFire    . . .     SeeInvis .   a - +0 long sword
rCold    . . .     Faith    .   (no shield)
rNeg     . . .     Spirit   .   b - +0 leather armour
rPois    .         Reflect  .   c - +0 helmet
rElec    .         Harm     .   r - +0 cloak
rCorr    .         Rampage  .   (no gloves)
Will     .....                  (no boots)
Stlth    +.........             (no amulet)
HPRegen  0.16/turn              (no ring)
MPRegen  0.10/turn              (no ring)

@: no status effects
A: no striking features
a: no special abilities


You were on level 3 of the Dungeon.
You visited 1 branch of the dungeon, and saw 4 of its levels.

You collected 135 gold pieces.

Inventory:

Hand Weapons
 a - a +0 long sword (weapon)
Missiles
 d - 3 throwing nets (quivered)
 e - 8 boomerangs
Armour
 b - a +0 leather armour (worn)
 c - a +0 helmet (worn)
 r - a +0 cloak (worn)
Jewellery
 i - a +6 ring of strength {unknown}
 o - an uncursed ring of willpower {unknown}
Scrolls
 f - 3 scrolls of identify {unknown}
 g - a scroll of fear {unknown}
 h - 2 scrolls of teleportation {unknown}
 k - 2 scrolls of magic mapping {unknown}
 m - a scroll of enchant weapon {unknown}
 p - a scroll of blinking {unknown}
 q - a scroll of noise {unknown}
 s - a scroll of amnesia {unknown}
 t - a scroll of enchant armour {unknown}
Potions
 j - a potion of curing {unknown}
 l - a potion of resistance {unknown}
 n - a potion of lignification {unknown}


   Skills:
 - Level 2.0 Fighting
 * Level 7.3 Long Blades
 - Level 2.0 Throwing
 - Level 3.0 Dodging


You had 6 spell levels left.
You didn't know any spells.
Your spell library was empty.

Dungeon Overview and Level Annotations

Branches:
Dungeon (4/15)
 Temple: D:4-7

Altars:
Qazlal
Trog


Message History

The gnoll barely misses you.
You hit the gnoll.
The gnoll is heavily wounded.
The gnoll hits you with a +0 flail!
* * * LOW HITPOINT WARNING * * *
The gnoll closely misses you.
You riposte.
You barely miss the gnoll.
The gnoll is heavily wounded.
The gnoll shaman hits you with a +0 club.
* * * LOW HITPOINT WARNING * * *
The gnoll hits you with a +0 flail.
* * * LOW HITPOINT WARNING * * *
Unknown command.
You hit the gnoll.
The gnoll is severely wounded.
The gnoll shaman calls upon its god to heal the gnoll.
The gnoll is healed somewhat.
The gnoll shaman mumbles some strange prayers to its god against you.
You resist with some effort. The gnoll hits you with a +0 flail!
You die...

#.###.......#.#.#.#.#
#..##..####.........#
##.##.....#.#.#.#.#.###
##..#...#.#...........#
........#.#.#.#..#g##.#
###.#..##.#.#.......#.# #
#))...#...#.........# #
##.#..########.g#.### #
##'#..........@.#.# #######
###........####...#.#
#.....# ..#........# #.....#
#.##.## .[#........# #..####
#.##.# ..#........# #..#
#.##.#
###..)>....####..######.##.#
# #........'..#............#
#
#........##.#.#######.#####
####'#'####.#......##.....#


You could see a gnoll shaman and a gnoll (fast).

Vanquished Creatures
  2 eyes of draining (D:3)
  An iguana (D:4)
  7 gnolls
  2 adders
  An ooze (D:1)
  5 dart slugs
  2 worms
  2 leopard geckos
  4 orcs (D:3)
  4 giant cockroaches
  14 goblins
  2 hobgoblins
  4 jackals (D:1)
  4 kobolds
  3 ball pythons
  11 bats
  6 frilled lizards
  8 rats
  A bush (D:1)
83 creatures vanquished.

Vanquished Creatures (others)
  A rat (D:2)
  3 plants (D:1)
4 creatures vanquished.

Grand Total: 87 creatures vanquished

Notes
Turn   | Place    | Note
-------+----------+-------------------------------------------
     0 | D:1      | Zeld the Human Gladiator began the quest for the Orb.
     0 | D:1      | Reached XP level 1. HP: 16/16 MP: 1/1
   219 | D:1      | Reached XP level 2. HP: 17/22 MP: 2/2
   650 | D:1      | Reached skill level 4 in Long Blades
   650 | D:1      | Reached XP level 3. HP: 23/27 MP: 3/3
  1593 | D:2      | Found a stormy altar of Qazlal.
  1860 | D:2      | Reached XP level 4. HP: 33/33 MP: 4/4
  2676 | D:2      | Reached skill level 5 in Long Blades
  3707 | D:2      | Reached XP level 5. HP: 36/38 MP: 5/5
  4104 | D:3      | Noticed an eye of draining
  4105 | D:3      | Found a bloodstained altar of Trog.
  4105 | D:3      | Noticed an eye of draining
  5086 | D:3      | Killed an eye of draining
  5087 | D:3      | Reached skill level 6 in Long Blades
  5087 | D:3      | Reached XP level 6. HP: 44/44 MP: 0/6
  5092 | D:3      | Killed an eye of draining
  5093 | D:3      | Reached skill level 7 in Long Blades
  5212 | D:3      | HP: 1/44 [gnoll/+0 flail (5)]
  6227 | D:4      | Reached XP level 7. HP: 39/50 MP: 7/7
  6712 | D:3      | HP: 2/50 [gnoll shaman/+0 club (5)]
  6730 | D:3      | Slain by a gnoll

Illustrated notes

Levels and vault maps discovered:
D:1:      lemuel_arrival_tunnels, layout_loops_corners, serial_forest,
          infiniplex_forest_clump_medium, infiniplex_forest_lined_3_way,
          infiniplex_forest_lined_corner, infiniplex_forest_pool,
          infiniplex_forest_straight_3, infiniplex_forest_corner_2
D:2:      layout_rooms, grunt_qazlal_clouds
D:3:      layout_basic, serial_glass, glass_columns_a, glass_columns_c,
          glass_columns_a, trog_eyes_of_draining
D:4:      layout_basic

Skill      XL: |  1  2  3  4  5  6 |
---------------+-------------------+-----
Long Blades    | 4 5 6 7 |  7.3
Fighting       | |  2.0
Throwing       | |  2.0
Dodging        | |  3.0

Action                   |  1- 3 |  4- 6 |  7- 9 || total
-------------------------+-------+-------+-------++-------
Melee: Long sword        |   199 |   198 |    23 ||   420
 Stab: Sleeping          |       |     2 |       ||     2
Armor: Leather armour    |    38 |    42 |     6 ||    86
Dodge: Dodged            |    73 |   158 |    28 ||   259
       Rpst.: Long sword |    24 |    35 |     2 ||    61
